 Dungeon Crawl Stone Soup version 0.30.0-19-g36f170ea60 (webtiles) character file.

Game seed: 17055461266041689404

4 cdecastro the Thaumaturge (level 1, 0/17 HPs)
             Began as a Gnoll Wanderer on May 27, 2023.
             Slain by a bat (1 damage)
             ... on level 1 of the Dungeon.
             The game lasted 00:01:30 (111 turns).

cdecastro the Thaumaturge (Gnoll Wanderer)           Turns: 111, Time: 00:01:30

Health: 0/17       AC:  2    Str: 10    XL:     1   Next: 60%
Magic:  12/12      EV: 11    Int: 15    God:
Gold:   19         SH:  0    Dex:  8    Spells: 22/22 levels left

rFire   . . .        h - +0 dagger
rCold   . . .        (no shield)
rNeg    . . .        d - +0 robe
rPois   +            (no helmet)
rElec   .            (no cloak)
rCorr   .            (no gloves)
SInv    .            (no boots)
Will    .....        (no amulet)
Stlth   +            f - ring of poison resistance
HPRegen 0.22/turn    (no ring)
MPRegen 0.13/turn

%: no passive effects
@: no status effects
A: fangs 1, strong nose, distributed training
a: no special abilities


You were on level 1 of the Dungeon.
You visited 1 branch of the dungeon, and saw 1 of its levels.

You collected 19 gold pieces.

Inventory:

Hand Weapons
 a - a +0 club
 h - a +0 dagger (weapon)
Armour
 d - a +0 robe (worn)
Jewellery
 f - a ring of poison resistance (left hand)
Scrolls
 c - a scroll of fear
 g - a scroll of vulnerability {unknown}
Potions
 e - a potion of attraction
Miscellaneous
 b - a piece from Xom's chessboard (12/15) (quivered)


   Skills:
 + Level 2.4 Fighting
 + Level 0.1 Short Blades
 + Level 0.1 Long Blades
 + Level 0.1 Axes
 + Level 0.1 Maces & Flails
 + Level 0.1 Polearms
 + Level 0.1 Staves
 + Level 0.1 Ranged Weapons
 + Level 2.4 Throwing
 + Level 0.1 Armour
 + Level 0.1 Dodging
 + Level 0.1 Stealth
 + Level 0.1 Shields
 + Level 0.1 Unarmed Combat
 + Level 11.3 Spellcasting
 + Level 0.1 Conjurations
 + Level 0.1 Hexes
 + Level 0.1 Summonings
 + Level 0.1 Necromancy
 + Level 0.1 Translocations
 + Level 0.1 Transmutations
 + Level 0.1 Fire Magic
 + Level 0.1 Ice Magic
 + Level 0.1 Air Magic
 + Level 0.1 Earth Magic
 + Level 0.1 Poison Magic
 + Level 0.2 Invocations
 + Level 4.4 Evocations


You had 22 spell levels left.
You didn't know any spells.
Your spell library contained the following spells:

 Spells                   Type           Power      Damage    Failure   Level
 Freeze                   Ice            32%        1d5       9%          1
 Summon Small Mammal      Summ           32%        N/A       9%          1
 Static Discharge         Conj/Air       16%        2-3/arc   12%         2
 Stone Arrow              Conj/Erth      16%        3d8       24%         3


Dungeon Overview and Level Annotations

Branches:
Dungeon (1/15)

Altars:


Innate Abilities, Weirdness & Mutations

You have very sharp teeth.
Your uncanny sense of smell can sniff out nearby items.
Your experience applies equally to all skills.


Message History

Press: ? - help, Q - select action Dir - look around, f - activate You make a move on Xom's chessboard...
The bat flickers and vanishes!
Deactivating autopickup; reactivate with Ctrl-A.
Something hits you.
* * * LOW HITPOINT WARNING * * *
Something hits you but does no damage.
Something hits you but does no damage. x2; Something hits you.
* * * LOW HITPOINT WARNING * * *
Unknown command.
Non-targeted evoke: piece from Xom's chessboard (13/15)
Press: ? - help, Q - select action Dir - look around, f - activate You can't see anything.
Try to make a move anyway?
Okay, then.
Something hits you but does no damage. Something hits you.
* * * LOW HITPOINT WARNING * * *
Something hits you but does no damage.
You closely miss something. Your punch misses something. Something hits you.
* * * LOW HITPOINT WARNING * * *
Something hits you but does no damage. x2
Something hits you.
* * * LOW HITPOINT WARNING * * *
Something hits you.
* * * LOW HITPOINT WARNING * * *
Something hits you but does no damage.
Something hits you but does no damage. x2
Something hits you.
* * * LOW HITPOINT WARNING * * *
Okay, then.
Unknown command.
Non-targeted evoke: piece from Xom's chessboard (13/15)
Press: ? - help, Q - select action Dir - look around, f - activate You can't see anything.
Try to make a move anyway?
You make a move on Xom's chessboard...
Nothing appears to happen.
Something hits you but does no damage. Something hits you.
* * * LOW HITPOINT WARNING * * *
Something hits you but does no damage. Something hits you but does no damage.
Something hits you.
You die...

### #####.#####
#####....#....######
........###........#
.###...#.#.##.####.#
#........###.####>#
..........@........#
##...>...####.###..#
#.#..>#.####......#######
#.#...#.......#.........#
# ##.#### ##.....######.#
# ......#..# ####..##†##
#..##..# .. #..######


There were no monsters in sight!

Vanquished Creatures
  An endoplasm (D:1)
  A giant cockroach (D:1)
  A goblin (D:1)
3 creatures vanquished.

Notes
Turn   | Place    | Note
-------+----------+-------------------------------------------
     0 | D:1      | Reached skill level 11 in Spellcasting
     0 | D:1      | cdecastro the Gnoll Wanderer began the quest for the Orb.
     0 | D:1      | cdecastro set off with the following items: a +0 club, a
                  | piece from Xom's chessboard (15/15), a scroll of fear, a +0
                  | robe, a potion of attraction; and the following spells
                  | available to memorise: Freeze, Summon Small Mammal, Static
                  | Discharge, Stone Arrow.
     0 | D:1      | Reached XP level 1. HP: 17/17 MP: 12/12
   111 | D:1      | Slain by a bat

Illustrated notes

Levels and vault maps discovered:
D:1:      tekkud_arrival_beachfront_property, layout_loops_ring

Skill      XL: | |
---------------+-+-----
Spellcasting   | | 11.3
Fighting       | |  2.4
Short Blades   | |  0.1
Long Blades    | |  0.1
Axes           | |  0.1
Maces & Flails | |  0.1
Polearms       | |  0.1
Staves         | |  0.1
Ranged Weapons | |  0.1
Throwing       | |  2.4
Armour         | |  0.1
Dodging        | |  0.1
Stealth        | |  0.1
Shields        | |  0.1
Unarmed Combat | |  0.1
Conjurations   | |  0.1
Hexes          | |  0.1
Summonings     | |  0.1
Necromancy     | |  0.1
Translocations | |  0.1
Transmutations | |  0.1
Fire Magic     | |  0.1
Ice Magic      | |  0.1
Air Magic      | |  0.1
Earth Magic    | |  0.1
Poison Magic   | |  0.1
Invocations    | |  0.2
Evocations     | |  4.4

Action                     || total
---------------------------++-------
  Melee: Club              ||    24
         Dagger            ||     3
         Punch             ||     1
         Bite              ||     1
  Evoke: Piece from Xom's  ||     3
 Armour: Robe              ||    28
  Dodge: Dodged            ||    29
